Map: Paladino Terminal LE

Players

Bakemonoda

  • Race: Terran Terran
  • League: Master
  • Spawn Location: 5:00

Railgan - Winner!

  • Race: Zerg Zerg
  • League: Grandmaster
  • Spawn Location: 9:00

VOD

https://www.youtube.com/watch?v=3T2sL2hmvjM

Description

Time

  • Played on: March 13, 2017, 4:05 p.m.
  • Length: 12:26
Show
View Real Time Build Order
Export as new Build Order

Bakemonoda Terran 

Build Orders: MMM Bio 

Get SALT Encoding   

  12  0:00  SCV  
  13  0:13  SCV  
  14  0:19  Supply Depot  
  14  0:25  SCV  
  15  0:40  SCV  
  15  0:41  Barracks  
  16  0:46  Refinery  
  16  0:52  SCV  
  17  1:04  Barracks  
  17  1:12  SCV  
  18  1:24  SCV  
  19  1:31  Reaper  
  20  1:36  Orbital Command  
  20  1:41  Barracks  
  20  1:49  Refinery  
  20  1:52  Reaper  
  21  2:01  Supply Depot  
  21  2:05  SCV  
  23  2:08  Reaper  
  24  2:22  SCV  
  24  2:31  Reaper x2  
  24  2:35  SCV  
  27  2:38  Supply Depot  
  27  2:47  SCV  
  27  2:49  Reaper  
  29  3:12  Reaper x2  
  31  3:14  SCV  
  32  3:32  Command Center  
  32  3:34  Reaper  
  32  3:36  Barracks, SCV  
  34  3:51  Supply Depot  
  34  3:54  SCV  
  35  3:56  Barracks  
  35  4:06  SCV  
  35  4:14  Reaper x3  
  35  4:18  SCV  
  36  4:24  Reaper  
  36  4:30  Factory  
  37  4:31  SCV  
  37  4:43  SCV  
  38  4:50  Orbital Command, Barracks Tech Lab  
  38  4:51  Barracks Tech Lab  
  38  4:55  SCV  
  38  4:58  Refinery  
  39  5:07  SCV  
  39  5:09  Supply Depot  
  39  5:10  Marine x3  
  43  5:17  Stimpack  
  43  5:23  SCV  
  43  5:24  SCV  
  44  5:30  Factory Reactor  
  44  5:32  Starport  
  44  5:34  Marine x2  
  44  5:35  Engineering Bay  
  46  5:36  SCV  
  46  5:38  Combat Shields  
  46  5:41  Marine x3  
  50  5:49  SCV x2  
  52  6:02  Marine x5  
  57  6:07  SCV x2  
  59  6:12  Supply Depot  
  59  6:13  Factory Tech Lab  
  59  6:14  Terran Infantry Weapons Level 1  
  59  6:18  Medivac x2  
  63  6:24  Command Center  
  63  6:28  Marauder, Marine x2  
  63  6:32  SCV x2  
  69  6:39  Marine  
  72  6:40  Marauder  
  72  6:45  Siege Tank, Marine  
  72  6:49  SCV x2  
  74  6:54  Marine  
  74  6:55  Marauder  
  74  6:57  Marine  
  78  7:04  Barracks Tech Lab  
  78  7:20  Marine  
  78  7:22  Marine  
  77  7:25  Marine  
  78  7:34  Supply Depot  
  78  7:35  Siege Tank, Supply Depot, Medivac x2  
  78  7:36  Supply Depot, Marauder x2  
  89  7:38  Marine  
  90  7:44  Marine x2  
  92  7:51  SCV  
  92  7:52  SCV  
  92  7:56  Marine  
  92  7:57  Marauder, Marine  
  98  8:03  Planetary Fortress  
  98  8:10  SCV x2  
  98  8:12  Siege Tank  
  103  8:15  Marauder  
  105  8:22  SCV  
  102  8:32  Marine x3  
  102  8:33  Marauder  
  102  8:36  Marine  
  102  8:39  SCV  
  102  8:40  SCV x2  
  106  8:41  Supply Depot  
  106  8:51  SCV  
  106  8:52  SCV x2  
  109  8:58  Marine x3  
  109  8:59  Marauder x2  
  114  9:04  SCV x3  
  114  9:07  Siege Tank  
  114  9:08  Medivac x2  
  122  9:16  Terran Infantry Armor Level 1, SCV x3  
  125  9:19  Engineering Bay  
  125  9:20  Marauder, Barracks  
  125  9:21  Marine x2, Armory  
  125  9:22  Marauder, Barracks  
  124  9:32  Marine  
  125  9:39  Marine x2  
  125  9:41  Marauder  
  125  9:43  Siege Tank, Marine  
  133  9:58  Refinery  
  133  9:59  Refinery  
  133  10:00  Command Center, Refinery  
  133  10:01  Supply Depot, Barracks  
  133  10:14  Supply Depot, Marauder x2, SCV x3, Marine x5  
  133  10:15  Supply Depot x2  
  145  10:26  SCV x3  
  148  10:33  Marine x4  
  148  10:34  Marine  
  153  10:36  Supply Depot, Marauder  
  155  10:54  Supply Depot  
  155  10:56  Marine x3  
  155  10:57  Marauder x2, Marine x2  
  160  10:58  Siege Tank, Medivac  
  160  11:02  SCV  
  160  11:03  SCV x2  
  162  11:17  Marine x5  
  156  11:18  Marauder  
  155  11:29  Marine  
  151  11:35  Marine  
  154  11:40  Marauder  
  154  11:46  Marine x4  
  158  11:47  Marine  
  158  11:51  SCV x2  
  158  11:52  Marine, SCV  
  165  12:01  Marauder  
  165  12:03  SCV  
  165  12:06  Marine x5  
Show
View Real Time Build Order
Export as new Build Order

Railgan Zerg - Winner!

Build Orders: Pool First 

Get SALT Encoding   

  12  0:01  Drone  
  13  0:16  Overlord  
  13  0:18  Drone  
  14  0:34  Drone x2  
  16  0:38  Drone  
  17  0:49  Spawning Pool  
  16  0:50  Drone  
  17  1:01  Drone  
  18  1:15  Hatchery  
  18  1:16  Extractor  
  16  1:23  Drone x2  
  18  1:38  Roach Warren, Zergling x2  
  18  1:46  Queen  
  20  1:49  Drone  
  20  1:53  Drone  
  22  2:03  Overlord  
  22  2:22  Queen  
  24  2:23  Roach  
  24  2:25  Roach  
  28  2:31  Roach  
  28  2:34  Queen  
  32  2:40  Roach  
  34  2:49  Drone  
  34  2:51  Overlord  
  35  3:03  Drone  
  35  3:05  Overlord  
  36  3:13  Drone x2  
  36  3:15  Drone  
  39  3:20  Overlord  
  38  3:28  Drone  
  38  3:29  Drone x2  
  41  3:39  Lair  
  41  3:40  Roach  
  43  3:43  Roach  
  43  3:46  Drone  
  46  3:51  Roach  
  46  3:53  Drone  
  50  3:55  Drone  
  50  4:09  Drone x5  
  50  4:18  Overlord  
  50  4:19  Drone x3  
  53  4:34  Drone x3  
  53  4:37  Evolution Chamber  
  55  4:39  Evolution Chamber  
  52  4:48  Drone x2  
  52  4:50  Roach  
  56  4:53  Drone x2  
  56  4:54  Overlord  
  56  4:55  Glial Reconstitution, Extractor x2  
  56  5:05  Drone x5  
  61  5:19  Roach x2  
  65  5:24  Zerg Missile Weapons Level 1  
  65  5:29  Drone  
  65  5:30  Drone x2  
  65  5:35  Roach  
  70  5:41  Drone  
  71  5:43  Overlord  
  71  5:44  Hatchery  
  71  5:45  Zerg Ground Armor Level 1  
  71  5:48  Roach  
  72  5:51  Roach  
  72  5:53  Roach  
  76  6:04  Overlord  
  76  6:06  Roach x4  
  84  6:21  Extractor  
  84  6:22  Drone x2  
  84  6:23  Drone  
  86  6:26  Hydralisk Den  
  86  6:28  Ravager  
  86  6:30  Drone x4  
  90  6:33  Overlord  
  90  6:36  Roach, Overlord  
  92  6:45  Overlord x2  
  92  6:47  Overlord  
  92  6:53  Roach x4  
  100  7:02  Roach x3  
  106  7:14  Roach  
  106  7:15  Roach x2  
  112  7:20  Drone x3  
  112  7:21  Zerg Missile Weapons Level 2  
  115  7:24  Drone  
  115  7:25  Drone x3  
  115  7:26  Drone  
  120  7:31  Muscular Augments  
  120  7:34  Ravager  
  120  7:35  Roach  
  120  7:36  Roach  
  125  7:44  Drone  
  125  7:51  Hydralisk x4  
  126  7:53  Overlord  
  134  8:03  Overlord  
  134  8:09  Overlord  
  134  8:13  Hydralisk  
  134  8:14  Hydralisk  
  138  8:21  Overlord x2  
  138  8:24  Hydralisk x5  
  143  8:28  Drone x3  
  143  8:33  Drone x2  
  145  8:37  Extractor x2  
  143  8:41  Pneumatized Carapace  
  143  8:46  Drone x3  
  146  8:48  Hydralisk  
  146  8:54  Hydralisk  
  146  8:55  Hydralisk x2  
  154  9:08  Hydralisk x3  
  158  9:11  Drone x3  
  158  9:12  Drone x2  
  158  9:13  Drone  
  164  9:21  Hydralisk  
  164  9:22  Hydralisk  
  164  9:23  Hydralisk  
  170  9:25  Hatchery  
  169  9:42  Overlord  
  169  9:45  Zerg Ground Armor Level 2  
  169  9:48  Lurker Den  
  169  9:49  Overlord x2  
  169  9:50  Overlord  
  169  9:51  Overlord  
  169  9:53  Overlord  
  169  10:01  Overlord  
  169  10:21  Zergling x2  
  169  10:22  Metabolic Boost, Zergling x10  
  169  10:24  Zergling x2  
  169  10:25  Zergling x8  
  169  10:26  Infestation Pit, Hydralisk  
  169  10:27  Hydralisk x7  
  195  10:31  Zergling x2  
  196  10:44  Overlord  
  196  10:45  Overlord  
  196  10:56  Hydralisk x2  
  198  11:23  Overlord  
  196  11:31  Drone x2  
  198  11:34  Drone  
  198  11:38  Spire  
  198  11:40  Overlord  
  198  11:44  Overlord  
  198  11:50  Zergling x2  
  198  11:51  Hatchery  
Tags
 
Add a new tag
Caveats
  • Supply blocks, unpowered buildings, or Contaminate may cause inaccurate times.
  • Supply counts are checked every 10 seconds.